 Dungeon Crawl Stone Soup version 0.31-a0-819-gf6de2f5ab6 (webtiles) character file.

Game seed: 7486828843063428216

3566 Bravepunisher the Nimble (level 9, 0/49 HPs)
             Began as a Spriggan Monk on Sept 24, 2023.
             Was an Elder of Makhleb.
             Succumbed to a gnoll sergeant's poison
             ... on level 7 of the Dungeon on Sept 25, 2023.
             The game lasted 00:29:23 (6221 turns).

Bravepunisher the Nimble (Spriggan Monk)            Turns: 6221, Time: 00:29:24

Health: 0/49       AC:  2    Str:  7    XL:     9   Next: 84%
Magic:  17/17      EV: 26    Int: 11    God:    Makhleb [****..]
Gold:   381        SH:  0    Dex: 22    Spells: 8/8 levels left

rFire   . . .        x - +2 dagger (freeze)
rCold   . . .        (no shield)
rNeg    . . .        b - +0 robe
rPois   .            (helmet restricted)
rElec   .            (no cloak)
rCorr   +            (gloves unavailable)
SInv    +            (boots unavailable)
Will    +....        h - amulet of the acrobat
Stlth   +            w - ring of resist corrosion
HPRegen 0.28/turn    g - +4 ring of slaying
MPRegen 0.15/turn

%: acrobat
@: confused, lethally poisoned (0 -> -23), ambrosia-drunk, very quick
A: very small, no large weapons, unfitting armour, see invisible, speed 3
a: Renounce Religion, Minor Destruction, Lesser Servant of Makhleb, Major
Destruction


You were on level 7 of the Dungeon.
You worshipped Makhleb.
Makhleb was greatly pleased with you.
You visited 2 branches of the dungeon, and saw 9 of its levels.

You collected 381 gold pieces.

Inventory:

Hand Weapons
 x - a +2 dagger of freezing (weapon)
Armour
 b - a +0 robe (worn)
Jewellery
 g - a +4 ring of slaying (right hand)
 h - an amulet of the acrobat (around neck)
 w - a ring of resist corrosion (left hand)
Wands
 o - a wand of flame (19)
 y - a wand of paralysis (5)
Scrolls
 a - 2 scrolls of butterflies {unknown}
 d - 9 scrolls of identify {unknown}
 e - a scroll of immolation {unknown}
 f - 4 scrolls of revelation
 k - 4 scrolls of blinking {unknown}
 l - 2 scrolls of noise {unknown}
 p - 2 scrolls of teleportation {unknown}
 q - 5 scrolls of fear {unknown}
 r - a scroll of poison {unknown}
 t - 2 scrolls of enchant armour {unknown}
 v - 2 scrolls of vulnerability {unknown}
Potions
 i - a potion of resistance {unknown}
 j - a potion of brilliance {unknown}
 m - 2 potions of attraction {unknown}
 n - 3 potions of might {unknown}
 s - a potion of degeneration {unknown}
 u - 2 potions of haste {unknown}
 z - a potion of enlightenment {unknown}
 B - a potion of mutation {unknown}


   Skills:
 + Level 6.6 Fighting
 - Level 3.2 Short Blades
 + Level 10.1 Dodging
 * Level 9.8 Invocations


You had 8 spell levels left.
You didn't know any spells.
Your spell library contained the following spells:

 Spells                   Type           Power      Damage    Failure   Level
 Cigotuvi's Dreadful Rot  Necr/Pois/Air  0%         N/A       47%         2
 Poisonous Vapours        Pois/Air       0%         N/A       47%         2
 Inner Flame              Hex/Fire       0%         N/A       71%         3
 Mephitic Cloud           Conj/Pois/Air  0%         N/A       71%         3
 Dispel Undead            Necr           0%         3d6       98%         4
 Freezing Cloud           Conj/Ice/Air   0%         6-21      100%        5
 Yara's Violent Unravell  Hex/Tmut       0%         3d3       100%        5
 Death Channel            Necr           0%         N/A       100%        6
 Enfeeble                 Hex            0%         N/A       100%        7


Dungeon Overview and Level Annotations

Branches:
Dungeon (8/15)             Temple (1/1) D:5
   Lair: D:8-11

Altars:
Ashenzari
Dithmenos
Fedhas
Gozag
Hepliaklqana
Kikubaaqudgha
Makhleb
Nemelex Xobeh
Okawaru
Qazlal
Ru
Sif Muna
Trog
Uskayaw
Vehumet
Xom
The Shining One

Shops:
D:8 [

Annotations:
D:3 3 runed translucent doors, Age's ghost, amateur MiFi
D:7 1 transporter


Innate Abilities, Weirdness & Mutations

You are very small and have problems with some larger weapons.
You are too small for most types of armour.
You have supernaturally acute eyesight. (SInv)
You cover ground extremely quickly. (Speed+++)


Message History

You hit the orc priest. You freeze the orc priest.
The orc priest is severely wounded.
The necrophage misses you. The orc priest completely misses you.
The gnoll sergeant completely misses you.
The orc priest completely misses you.
Unknown command.
You hit the orc priest. You freeze the orc priest.
The orc priest is severely wounded.
Your smoke demon completely misses the orc priest.
Your smoke demon hits the orc priest but does no damage.
Your smoke demon barely misses the orc priest.
The gnoll sergeant misses you. The orc priest barely misses you.
The necrophage hits you.
You feel drained.
You hit the orc priest but do no damage.
The orc priest is severely wounded.
The orc priest completely misses you.
Your smoke demon barely misses the orc priest.
Your smoke demon closely misses the orc priest.
Your smoke demon barely misses the orc priest.
Unknown command.
You hit the orc priest but do no damage.
The orc priest is severely wounded.
The gnoll sergeant hits you from afar with a +5 trident of venom!
The necrophage misses you. The orc priest misses you.
The orc priest barely misses you.
Your smoke demon gestures at the orc priest.
The orc priest is smitten.
The orc priest dies!
Makhleb accepts your kill.
Your life force feels restored.
The orc priest mumbles some strange prayers to Beogh against you.
Beogh smites you!
* * * LOW HITPOINT WARNING * * *
The gnoll sergeant hits you with a +5 trident of venom!
* * * LOW HITPOINT WARNING * * *
You are lethally poisoned!
Items here: $ [ | †.
You are confused.
You feel invigorated.
You die...

,,#...#.l...T#5Y.....##
###.z#####...###....###
..##o.#..............##
...##.z.###.z.###Y#####
,#..##.......f#......##
,*#.?#...##.#.#>#.#.###
$###.#...##.#.#W#.#)###
#........##)#.#n#.#.###
/l...#...)....o.@3..###
###..#..###.#.#g#...###
*#..##Z.###.#.#.##.####
#..##...........##.####
..##..############.####
###..#.............####
,,#.##.################
*,#.##.......#
*,#.#........#


You could see a sky beast, a necrophage, a phantom, a gnoll sergeant (ally
target), an orc priest and a friendly smoke demon (summoned).

Vanquished Creatures
  Pikel (D:5)
  A troll (D:7)
  A wyvern (D:7)
  A yak (D:7)
  2 steam dragons
  Menkaure (D:5)
  A water moccasin (D:7)
  2 ice beasts (D:7)
  2 ogres
  A bullfrog (D:7)
  4 scorpions
  3 wights (D:6)
  A howler monkey (D:7)
  8 hounds
  3 jellies
  An orc priest (D:5)
  Terence (D:2)
  5 orc wizards
  Natasha (thrice) (D:2)
  An iguana (D:4)
  8 gnolls
  6 adders
  A shadow imp (D:5)
  4 ufetubi
  2 worms (D:2)
  2 dart slugs
  23 orcs
  9 ball pythons
  8 endoplasms
  3 giant cockroaches
  2 goblins (D:4)
  12 hobgoblins
  6 jackals
  8 kobolds
  4 quokkas
  5 bats
  2 frilled lizards
  3 rats
151 creatures vanquished.

Vanquished Creatures (collateral kills)
  A vampire mosquito (D:7)
  An acid dragon (D:7)
  A gnoll sergeant (D:7)
  2 howler monkeys (D:7)
  An orc priest (D:7)
  An iguana (D:7)
  A gnoll (D:7)
8 creatures vanquished.

Grand Total: 159 creatures vanquished

Notes
Turn   | Place    | Note
-------+----------+-------------------------------------------
     0 | D:1      | Bravepunisher the Spriggan Monk began the quest for the
                  | Orb.
     0 | D:1      | Reached XP level 1. HP: 11/11 MP: 2/2
   132 | D:3      | Reached XP level 2. HP: 16/16 MP: 3/3
   374 | D:5      | Entered Level 5 of the Dungeon
   408 | D:6      | Found an iron altar of Okawaru.
   498 | D:5      | Found a staircase to the Ecumenical Temple.
   499 | D:5      | Noticed Menkaure
   507 | Temple   | Entered the Ecumenical Temple
   507 | Temple   | Noticed an orange demon
   507 | Temple   | Noticed a crimson imp
   507 | Temple   | Noticed a hell beast
   508 | Temple   | Noticed Dyddecow the pandemonium lord
   508 | Temple   | Noticed Ziedau the pandemonium lord
   509 | Temple   | Noticed a hell beast
   511 | Temple   | Noticed Puihule the pandemonium lord
   522 | Temple   | Became a worshipper of Makhleb the Destroyer
   522 | Temple   | Reached * piety under Makhleb
   522 | Temple   | Reached ** piety under Makhleb
   533 | Temple   | Noticed a Tzitzimitl
   535 | Temple   | Noticed Sasu the pandemonium lord
   535 | Temple   | Noticed a neqoxec
   535 | Temple   | Noticed a rust devil
   678 | D:3      | Reached XP level 3. HP: 20/20 MP: 4/4
   825 | D:1      | Reached skill level 1 in Invocations
  1689 | D:2      | Noticed a scorpion
  1719 | D:2      | Killed a scorpion
  1720 | D:2      | Reached skill level 5 in Dodging
  1720 | D:2      | Reached XP level 4. HP: 24/24 MP: 6/6
  1792 | D:2      | Reached XP level 5. HP: 26/28 MP: 7/7
  1828 | D:2      | Noticed Terence
  1836 | D:2      | Noticed Natasha
  1858 | D:2      | Killed Terence
  1874 | D:2      | Killed Natasha
  2017 | D:2      | Noticed Natasha
  2021 | D:2      | Killed Natasha
  2147 | D:2      | Noticed Natasha
  2156 | D:2      | Killed Natasha
  2245 | D:3      | You fall into a shaft and drop 3 floors!
  2269 | D:6      | Noticed a steam dragon
  2585 | D:4      | Reached XP level 6. HP: 32/33 MP: 9/9
  2585 | D:4      | Reached *** piety under Makhleb
  2617 | D:3      | Found a runed translucent gate.
  2617 | D:3      | Found a runed translucent gate.
  2617 | D:3      | Found a runed translucent gate.
  2617 | D:3      | Noticed Age's ghost (amateur MiFi)
  3235 | D:4      | Reached skill level 6 in Dodging
  3696 | D:5      | Noticed Pikel
  3818 | D:5      | Reached XP level 7. HP: 37/37 MP: 11/11
  3837 | D:5      | Killed Menkaure
  3838 | D:5      | Reached skill level 5 in Invocations
  4083 | D:5      | Reached skill level 7 in Dodging
  4146 | D:5      | Reached **** piety under Makhleb
  4302 | D:5      | Reached XP level 8. HP: 42/42 MP: 13/13
  4335 | D:5      | Killed Pikel
  4336 | D:5      | Reached skill level 5 in Fighting
  4336 | D:5      | Reached skill level 8 in Dodging
  5394 | D:7      | Reached XP level 9. HP: 48/48 MP: 14/16
  5460 | D:7      | Reached skill level 9 in Dodging
  5639 | D:7      | Noticed a troll
  5703 | D:7      | Identified the staff "Ruela" {rN+ Will+ rCorr Dex-5 SInv
                  | Necro}
  5907 | D:7      | Found a transporter.
  5995 | D:7      | Noticed a troll
  6029 | D:7      | Found a glowing golden altar of the Shining One.
  6032 | D:7      | Killed a troll
  6033 | D:7      | Reached skill level 10 in Dodging
  6048 | D:8      | Found Momaoj's Antique Armour Emporium.
  6210 | D:7      | Identified the +5 ring mail "Ytwufud" {rPois rC+ rCorr
                  | Int+3}
  6220 | D:7      | HP: 1/49 [gnoll sergeant/+5 trident of venom (12)]
  6221 | D:7      | Succumbed to a gnoll sergeant's poison

Illustrated notes

Levels and vault maps discovered:
D:1:      onia_arrival_mini_spirals, layout_loops_ring
D:2:      layout_basic, minmay_misc_feat_diagonals, uniq_terence, uniq_natasha
D:3:      layout_basic, gammafunk_ghost_necromancy
D:4:      layout_gridville
D:5:      layout_loops_ring, minmay_temple_entry_sparse_star,
          chequers_ossuary_entry_cave, minmay_diced_spiral, uniq_menkaure,
          uniq_pikel
D:6:      layout_cave_pods, mainiacjoe_overflow_alcove_1
D:7:      minmay_the_grid_octo_tiled_squarecenter
          [minmay_the_grid_octo_pinwheel, minmay_the_grid_octo_odd_swirl,
          minmay_the_grid_octo_tetromino_candy, minmay_the_grid_octo_chip,
          minmay_the_grid_square_5x5_megaprize_diamond,
          minmay_the_grid_square_5x5_tri_point,
          minmay_the_grid_square_5x5_intrusive_squares,
          minmay_the_grid_square_5x5_eight, minmay_the_grid_square_5x5_inner_i],
          layout_basic, mainiacjoe_overflow_boulevard,
          lemuel_mausoleum_altar_yredelemnul, serial_shops,
          nicolae_shop_drivethru
D:8:      layout_layer_cave, serial_shops, shop, uniq_maurice
Temple:   nicolae_temple_panitentiary

Skill      XL: |  1  2  3  4  5  6  7  8  9 |
---------------+----------------------------+-----
Fighting       | 3 4 5 6 |  6.6
Invocations    | 2 3 4 6 8 9 |  9.8
Dodging        | 5 6 7 8 10 | 10.1
Short Blades   | |  3.2

Action                     |  1- 3 |  4- 6 |  7- 9 || total
---------------------------+-------+-------+-------++-------
  Melee: Short sword       |   128 |    13 |       ||   141
         Punch             |     3 |     2 |     1 ||     6
         Dagger            |       |     7 |    75 ||    82
 Invoke: Minor Destruction |    54 |   127 |   190 ||   371
         Lesser Servant of |       |       |     3 ||     3
  Evoke: Wand              |       |       |    10 ||    10
    Use: Potion            |     2 |       |     2 ||     4
         Scroll            |       |       |     1 ||     1
   Stab: Sleeping          |     3 |       |       ||     3
         Paralysed         |       |       |     4 ||     4
 Armour: Robe              |    28 |    12 |    32 ||    72
  Dodge: Dodged            |   117 |    43 |   139 ||   299

Table legend: (Time is in decaauts)
 A = Elapsed time spent in this place.
 B = Non-inter-level travel time spent in this place.
 C = Inter-level travel time spent in this place.
 D = Time resting spent in this place.
 E = Time spent auto-exploring this place.
 F = Levels seen in this place.
 G = Mean time per level.
                   A        B        C        D        E       F      G
               +--------+--------+--------+--------+--------+-----+--------+
         Total |   4399 |   4198 |    201 |    339 |   2407 |   9 |  488.8 |
       Dungeon |   4380 |   4196 |    184 |    339 |   2407 |   8 |  547.5 |
        Temple |     19 |      3 |     16 |      0 |      0 |   1 |   19.0 |
               +--------+--------+--------+--------+--------+-----+--------+

Top non-repeatable levels by time:
     D:6: 787 daAuts
     D:5: 766 daAuts
     D:4: 670 daAuts
     D:2: 612 daAuts
     D:3: 508 daAuts
     D:1: 472 daAuts
     D:7: 411 daAuts
     D:8: 150 daAuts
  Temple: 19 daAuts
